Map: Blackburn LE

Players

Reynor - Winner!

  • Race: Zerg Zerg
  • League: Master

LiquidClem (Clem)

  • Race: Terran Terran
  • League: Master

Event: DreamHack SC2 Masters Last Chance 2022

VOD

Have the link to the VOD?

Description

Time

  • Played on: Dec. 17, 2021, 2:16 p.m.
  • Length: 8:12

All games in this series

Show
View Real Time Build Order
Export as new Build Order

Reynor Zerg - Winner!

Build Orders: Hatch First 

Get SALT Encoding   

  12  0:00  Drone  
  13  0:12  Overlord  
  13  0:17  Drone  
  14  0:31  Drone x2  
  16  0:48  Hatchery  
  15  0:51  Drone  
  15  0:54  Drone  
  17  0:58  Drone  
  18  1:11  Extractor  
  17  1:13  Spawning Pool  
  17  1:17  Drone  
  17  1:20  Drone  
  18  1:28  Drone  
  19  1:39  Drone  
  20  1:51  Overlord  
  20  2:00  Queen x2  
  20  2:01  Zergling x4  
  26  2:10  Drone  
  26  2:12  Drone  
  26  2:13  Metabolic Boost  
  28  2:22  Drone x2  
  30  2:34  Hatchery  
  30  2:36  Drone  
  30  2:38  Drone  
  31  2:45  Queen  
  31  2:50  Overlord  
  33  2:52  Drone  
  33  2:54  Drone  
  33  2:57  Zergling x2  
  35  3:09  Drone x3  
  35  3:10  Overlord  
  38  3:13  Queen  
  38  3:15  Drone  
  38  3:18  Zergling x2  
  42  3:20  Drone  
  42  3:26  Overlord  
  43  3:31  Queen  
  43  3:32  Drone  
  46  3:39  Overlord  
  46  3:40  Drone x2  
  48  3:43  Zergling x4  
  48  3:46  Zergling x2  
  52  3:48  Zergling x2  
  52  3:49  Queen  
  52  3:54  Zergling x4  
  56  3:59  Queen  
  58  4:03  Zergling x4  
  58  4:04  Zergling x2  
  58  4:05  Zergling x2  
  62  4:14  Zergling x4  
  62  4:15  Zergling x2  
  64  4:20  Drone x2  
  64  4:23  Overlord  
  66  4:28  Overlord  
  66  4:34  Overlord  
  66  4:36  Drone  
  66  4:40  Overlord  
  66  4:41  Drone x2  
  66  4:42  Drone x5  
  71  4:47  Drone  
  71  4:50  Drone, Queen  
  71  4:51  Drone  
  76  4:55  Lair  
  76  4:57  Drone  
  76  4:59  Drone  
  78  5:03  Drone  
  78  5:04  Baneling Nest  
  78  5:05  Drone  
  78  5:06  Extractor  
  78  5:08  Drone x2  
  80  5:14  Drone  
  80  5:15  Drone x2  
  83  5:25  Overlord  
  83  5:28  Drone x7  
  83  5:29  Drone  
  83  5:30  Drone  
  84  5:36  Queen  
  84  5:37  Zergling x2  
  84  5:42  Drone, Evolution Chamber  
  88  5:43  Evolution Chamber  
  88  5:44  Extractor  
  88  5:48  Hatchery  
  84  5:51  Spore Crawler  
  84  5:53  Centrifugal Hooks  
  84  5:55  Zergling x12  
  88  6:03  Zergling x2  
  88  6:04  Zergling x12  
  95  6:07  Drone x3  
  95  6:08  Extractor  
  97  6:14  Zerg Ground Armor Level 1  
  97  6:18  Zergling x6  
  100  6:25  Zergling x12  
  105  6:29  Overlord  
  105  6:32  Overlord  
  106  6:33  Spore Crawler  
  106  6:39  Drone  
  106  6:41  Spore Crawler  
  106  6:42  Overlord  
  106  6:45  Zergling x2  
  106  6:48  Baneling x9  
  106  6:51  Zergling x14  
  106  6:53  Zergling x2  
  106  6:54  Zergling x2  
  115  6:55  Baneling  
  115  6:56  Baneling  
  115  6:57  Zergling x2  
  116  7:02  Zergling x6  
  116  7:03  Zergling x2  
  116  7:04  Zergling x2  
  119  7:09  Zergling x2  
  119  7:10  Zergling x8  
  119  7:14  Zergling x2  
  125  7:19  Zergling x4  
  125  7:21  Zergling x2  
  128  7:23  Zergling x2  
  128  7:27  Zergling x2  
  128  7:29  Baneling x6  
  131  7:30  Zergling x6  
  131  7:31  Zergling x2  
  131  7:32  Zergling x4  
  126  7:38  Baneling x3  
  126  7:39  Zergling x4  
  126  7:42  Overlord  
  126  7:43  Baneling  
  126  7:44  Baneling x2  
  128  7:46  Baneling x3  
  128  7:47  Zergling x6  
  131  7:53  Zergling x4  
  131  7:55  Zergling x2  
Show
View Real Time Build Order
Export as new Build Order

LiquidClem Terran 

Build Orders:  

Get SALT Encoding   

  12  0:00  SCV  
  13  0:12  SCV  
  14  0:16  Supply Depot  
  14  0:24  SCV  
  15  0:38  SCV  
  15  0:39  Barracks  
  16  0:44  Refinery  
  16  0:50  SCV  
  17  1:02  SCV  
  18  1:14  SCV  
  19  1:26  Marine, Orbital Command  
  20  1:39  Command Center  
  20  1:44  Barracks Reactor  
  20  1:52  SCV  
  21  1:56  Supply Depot  
  21  2:04  SCV  
  22  2:10  Factory  
  22  2:16  SCV  
  22  2:20  Marine x2  
  25  2:25  Refinery  
  25  2:28  SCV  
  26  2:38  Marine x2  
  26  2:40  SCV  
  29  2:51  Orbital Command  
  29  2:53  SCV  
  29  2:54  Starport  
  30  3:05  SCV  
  32  3:06  Hellion  
  32  3:07  Hellion  
  32  3:09  Marine  
  36  3:17  SCV x2  
  38  3:24  Supply Depot  
  38  3:29  SCV x2  
  38  3:31  Medivac  
  42  3:38  Hellion  
  42  3:39  Hellion  
  46  3:46  SCV x2, Marine  
  49  3:49  Supply Depot  
  49  3:58  SCV x2  
  49  3:59  Hellion  
  53  4:06  Barracks Tech Lab  
  53  4:10  Liberator, Hellion, SCV x2  
  60  4:17  Supply Depot  
  60  4:22  SCV x2  
  62  4:28  Command Center  
  62  4:38  SCV  
  62  4:39  Hellion x2  
  62  4:40  SCV  
  62  4:41  Supply Depot  
  68  4:46  Stimpack  
  68  4:50  SCV  
  69  4:53  Starport Reactor  
  69  4:54  Marine, Barracks  
  69  4:55  Barracks  
  70  5:01  Supply Depot  
  70  5:03  SCV  
  70  5:04  SCV  
  72  5:11  Engineering Bay x2  
  72  5:13  Factory Reactor  
  72  5:14  Marine  
  72  5:16  SCV  
  72  5:17  Supply Depot, SCV  
  66  5:28  SCV  
  66  5:29  SCV  
  66  5:32  Marine  
  62  5:38  Barracks  
  62  5:39  Barracks  
  62  5:40  SCV  
  62  5:41  Orbital Command  
  62  5:42  Refinery x2  
  63  5:43  Starport Reactor  
  63  5:45  SCV  
  63  5:49  Terran Infantry Weapons Level 1  
  64  5:50  Terran Infantry Armor Level 1  
  64  5:51  Marine  
  64  5:52  Marine  
  64  5:53  Marine  
  64  5:55  SCV  
  68  5:57  Marine  
  68  5:59  Marine  
  68  6:00  SCV  
  68  6:03  Widow Mine x2  
  75  6:05  Orbital Command  
  75  6:08  SCV, Marine  
  75  6:10  Marine  
  78  6:13  SCV  
  78  6:14  Marine  
  78  6:15  Marine  
  78  6:17  Marine  
  82  6:19  Medivac  
  82  6:20  SCV  
  82  6:22  Medivac  
  82  6:25  Barracks Reactor  
  87  6:26  SCV, Marine  
  87  6:30  Marine  
  87  6:31  SCV  
  87  6:32  SCV  
  93  6:36  Supply Depot  
  93  6:37  Supply Depot, Barracks Reactor  
  93  6:38  SCV, Marine  
  94  6:43  SCV, Armory  
  94  6:45  Widow Mine x2, Marine  
  94  6:46  Marine  
  101  6:48  Combat Shield  
  101  6:49  SCV  
  102  6:55  Medivac x2  
  102  7:00  Supply Depot, Marine  
  107  7:01  SCV x2  
  107  7:02  SCV  
  107  7:04  Refinery  
  107  7:05  Supply Depot  
  107  7:06  Marine  
  108  7:12  Marine  
  108  7:14  SCV, Marine x2  
  108  7:15  Marine x2  
  108  7:17  Widow Mine x2, Marine x2  
  108  7:20  SCV x2  
  109  7:24  Orbital Command  
  109  7:26  SCV  
  109  7:29  Marine  
  111  7:32  SCV  
  111  7:33  Marine x2  
  111  7:36  Medivac  
  104  7:38  SCV  
  104  7:39  Marine x2  
  103  7:47  Supply Depot  
  103  7:50  Marine  
  103  7:51  Widow Mine x2, SCV  
  108  7:55  SCV  

Tags
 
Add a new tag
Caveats
  • Supply blocks, unpowered buildings, or Contaminate may cause inaccurate times.
  • Supply counts are checked every 10 seconds.